 Dungeon Crawl Stone Soup version 0.26.1-11-gd32895ea62 (webtiles) character file.

Game seed: 179526351273188757

156 sankara the Bolt Thrower (level 5, -1/30 HPs)
             Began as a Kobold Hunter on May 13, 2021.
             Killed from afar by an orc wizard (7 damage)
             ... with a magic dart
             ... on level 3 of the Dungeon.
             The game lasted 00:07:06 (4807 turns).

sankara the Bolt Thrower (Kobold Hunter)            Turns: 4807, Time: 00:07:06

Health: -1/30      AC:  3    Str:  9    XL:     5   Next: 65%
Magic:  5/5        EV: 14    Int: 13    God:
Gold:   86         SH:  0    Dex: 16    Spells: 4/4 levels left

rFire    . . .     SeeInvis .   b - +0 short sword
rCold    . . .     Faith    .   (shield restricted)
rNeg     . . .     Spirit   .   c - +0 leather armour
rPois    .         Reflect  .   (no helmet)
rElec    .         Harm     .   (no cloak)
rCorr    +         Rampage  .   (no gloves)
Will     .....                  (no boots)
Stlth    +++.......             (no amulet)
HPRegen  0.10/turn              f - ring of resist corrosion
MPRegen  0.09/turn              (no ring)

@: no status effects
A: small, nightstalker 3
a: no special abilities


You were on level 3 of the Dungeon.
You visited 1 branch of the dungeon, and saw 4 of its levels.

You collected 86 gold pieces.

Inventory:

Hand Weapons
 a - a +1 hand crossbow
 b - a +0 short sword (weapon)
Missiles
 d - 55 bolts
 g - 83 stones (quivered)
Armour
 c - a +0 leather armour (worn)
Jewellery
 f - a ring of resist corrosion (left hand)
Scrolls
 e - 8 scrolls of identify {unknown}
 i - a scroll of fog {unknown}
 j - 2 scrolls of blinking {unknown}
 k - a scroll of random uselessness {unknown}
 l - a scroll of teleportation {unknown}
 n - a scroll of enchant armour {unknown}
 o - a scroll of immolation {unknown}
 q - a scroll of enchant weapon {unknown}
 r - a scroll of remove curse {unknown}
 s - a scroll of magic mapping {unknown}
Potions
 h - a potion of cancellation {unknown}
 m - 2 potions of curing {unknown}
 p - a potion of brilliance {unknown}


   Skills:
 - Level 2.1 Fighting
 * Level 4.5 Short Blades
 + Level 5.7 Crossbows
 - Level 2.4 Dodging
 + Level 3.7 Stealth


You had 4 spell levels left.
You didn't know any spells.
Your spell library was empty.

Dungeon Overview and Level Annotations

Branches:
Dungeon (4/15)
 Temple: D:4-7

Altars:
Ru
Sif Muna
Wu Jian

Shops:
D:4 =

Annotations:
D:3 Grinder
D:4 Edmund


Innate Abilities, Weirdness & Mutations

You are small and have problems with some larger weapons.
You are completely attuned to the shadows.


Message History

You closely miss the orc wizard.
The orc wizard is almost dead.
The orc wizard barely misses you.
You barely miss the orc wizard.
The orc wizard is almost dead.
The orc wizard barely misses you.
You hit the orc wizard but do no damage.
The orc wizard is almost dead.
The orc wizard hits you with a +0 dagger.
* * * LOW HITPOINT WARNING * * *
The orc wizard hits you with a +0 dagger.
* * * LOW HITPOINT WARNING * * *
You barely miss the orc wizard.
The orc wizard is almost dead.
The orc wizard barely misses you.
You hit the orc wizard but do no damage.
The orc wizard is severely wounded.
The orc wizard gestures at you while chanting.
The magic dart hits you!
You die...

#.######.).### #.#
#.###..
#....[...#...## #.#
#.# #..
########....#.#####.#
#.# #..
##..###......# #.#
#.. ###.#.####### #.#
##. ##.## #.# #.
#.### ##.####.
####o..# #.......
#...@#.# #....[..
##..#[#.#### #.##.##.
#.........(# #.##.###
#..###.###.# #.##.#
#..# #.# #.# #.##.#
##..###+###.# #.##.#
#.....+_###.# ##.##.#
#...###+###.#
#..##.### #...# #.#
#.# #.###....


You could see an orc wizard (fast).

Vanquished Creatures
  An orc wizard (D:4)
  Terence (D:3)
  A worker ant (D:4)
  An adder (D:3)
  A dart slug (D:1)
  A leopard gecko (D:2)
  7 orcs
  2 ball pythons
  3 giant cockroaches
  5 goblins
  9 hobgoblins
  8 bats
  5 frilled lizards
  9 kobolds
  7 rats
61 creatures vanquished.

Notes
Turn   | Place    | Note
-------+----------+-------------------------------------------
     0 | D:1      | sankara the Kobold Hunter began the quest for the Orb.
     0 | D:1      | Reached XP level 1. HP: 12/12 MP: 1/1
   399 | D:1      | Reached skill level 1 in Short Blades
   428 | D:1      | Reached XP level 2. HP: 14/17 MP: 2/2
   512 | D:1      | Reached skill level 5 in Crossbows
  1150 | D:1      | Reached XP level 3. HP: 21/21 MP: 3/3
  2839 | D:2      | Reached XP level 4. HP: 24/26 MP: 4/4
  3271 | D:3      | Noticed Grinder
  3537 | D:3      | Noticed Terence
  3549 | D:3      | Killed Terence
  3652 | D:3      | Found an ornate altar of the Wu Jian Council.
  3654 | D:3      | Found a sacrificial altar of Ru.
  3877 | D:3      | Found a shimmering blue altar of Sif Muna.
  4357 | D:4      | Reached XP level 5. HP: 30/30 MP: 5/5
  4408 | D:4      | Found Kuena's Jewellery Emporium.
  4429 | D:4      | Noticed Edmund
  4807 | D:3      | Killed from afar by an orc wizard

Illustrated notes

Levels and vault maps discovered:
D:1:      minmay_arrival_nine_rooms, layout_basic, minmay_misc_feat_plants
D:2:      layout_basic, serial_forest, infiniplex_forest_lined_room_2,
          infiniplex_forest_end_1, infiniplex_forest_straight_3,
          infiniplex_forest_clump_diagonal, infiniplex_forest_clump_small,
          infiniplex_forest_end_1, infiniplex_forest_lined_3,
          infiniplex_forest_end_3, infiniplex_forest_pool,
          infiniplex_forest_zigzag_1, minmay_quadrilaterals
D:3:      layout_loops_ring, chequers_temple_overflow_statue_of_worship,
          lemuel_doored_altar, uniq_grinder, uniq_terence
D:4:      layout_basic, serial_shops, nicolae_shop_statue_plus, shop,
          kennysheep_mini_moat, nicolae_shop_crystal, uniq_edmund, uniq_pikel,
          uniq_duvessa

Skill      XL: |  1  2  3  4  5 |
---------------+----------------+-----
Short Blades   | 1 2 3 4 |  4.5
Crossbows      | 5 |  5.7
Stealth        | 2 3 |  3.7
Fighting       | |  2.1
Dodging        | |  2.4

Action                   |  1- 3 |  4- 6 || total
-------------------------+-------+-------++-------
Melee: Short sword       |   124 |    68 ||   192
 Fire: Hand crossbow     |    16 |     9 ||    25
 Stab: Sleeping          |     6 |     8 ||    14
Armor: Leather armour    |    28 |    12 ||    40
Dodge: Dodged            |    92 |    48 ||   140
